Map: Habitation Station LE (Void)

Players

lIlIlIlIlIIl - Winner!

  • Race: Protoss Protoss
  • League: Grandmaster
  • Spawn Location: 1:00

Pokebunny

  • Race: Terran Terran
  • League: Master
  • Spawn Location: 11:00

VOD

Have the link to the VOD?

Description

Time

  • Played on: Dec. 18, 2016, 12:42 p.m.
  • Length: 5:28
Show
View Real Time Build Order
Export as new Build Order

lIlIlIlIlIIl Protoss - Winner!

Build Orders: Dark Templar Rush 

Get SALT Encoding   

  12  0:01  Probe (Chrono Boost)  
  13  0:13  Probe (Chrono Boost)  
  14  0:17  Pylon  
  14  0:23  Probe (Chrono Boost)  
  15  0:36  Probe (Chrono Boost)  
  15  0:37  Gateway  
  16  0:43  Assimilator  
  16  0:46  Probe (Chrono Boost)  
  17  0:55  Pylon  
  18  0:57  Probe (Chrono Boost)  
  18  1:07  Probe (Chrono Boost)  
  19  1:13  Gateway  
  19  1:18  Probe (Chrono Boost)  
  20  1:26  Cybernetics Core  
  20  1:28  Probe (Chrono Boost)  
  21  1:39  Probe (Chrono Boost)  
  22  1:42  Assimilator  
  22  1:49  Probe (Chrono Boost)  
  23  2:00  Adept  
  23  2:02  Pylon  
  23  2:05  Mothership Core (Chrono Boost)  
  23  2:06  Adept  
  29  2:16  Warp Gate  
  29  2:19  Pylon  
  29  2:24  Pylon  
  29  2:26  Adept  
  31  2:36  Adept  
  33  2:51  Adept  
  35  3:06  Adept  
  35  3:09  Twilight Council  
  35  3:10  Probe (Chrono Boost)  
  38  3:22  Probe (Chrono Boost)  
  38  3:26  Adept  
  39  3:33  Adept  
  43  3:49  Dark Shrine  
  43  3:52  Adept  
  45  4:10  Nexus  
  45  4:13  Pylon  
  45  4:34  Pylon  
  45  4:36  Pylon  
  45  4:38  Probe (Chrono Boost)  
  42  4:51  Probe (Chrono Boost)  
  37  5:02  Dark Templar x2  
  37  5:04  Probe (Chrono Boost)  
  40  5:16  Probe (Chrono Boost)  
  39  5:23  Assimilator  
  39  5:27  Assimilator  
Show
View Real Time Build Order
Export as new Build Order

Pokebunny Terran 

Build Orders: Cyclone Opening, Reaper Expand 

Get SALT Encoding   

  12  0:00  SCV  
  13  0:12  SCV  
  14  0:17  Supply Depot  
  14  0:24  SCV  
  15  0:29  Refinery  
  15  0:38  SCV  
  16  0:44  Barracks  
  16  0:51  SCV  
  17  1:03  SCV  
  18  1:15  SCV  
  19  1:31  Reaper, Orbital Command  
  20  1:43  Command Center  
  20  1:54  Factory  
  20  1:57  SCV  
  21  2:03  Refinery  
  21  2:06  Barracks Reactor  
  21  2:09  SCV  
  21  2:14  Supply Depot  
  22  2:21  SCV  
  23  2:25  Bunker  
  23  2:36  SCV  
  23  2:38  Cyclone  
  23  2:42  Marine  
  23  2:44  Marine  
  27  2:49  SCV  
  29  3:00  Marine  
  29  3:02  Marine  
  30  3:08  Supply Depot  
  30  3:09  Supply Depot  
  30  3:29  Marine  
  30  3:31  Marine, Cyclone  
  30  3:33  Command Center  
  35  3:37  Supply Depot  
  34  3:47  Marine  
  34  3:49  Marine  
  34  3:51  Starport  
  35  4:05  Marine  
  35  4:06  Marine  
  35  4:07  Factory Tech Lab  
  35  4:09  SCV  
  36  4:14  Engineering Bay  
  36  4:31  Marine, Supply Depot  
  26  4:52  Orbital Command  
  25  4:54  SCV  
Tags
 
Add a new tag
Caveats
  • Supply blocks, unpowered buildings, or Contaminate may cause inaccurate times.
  • Supply counts are checked every 10 seconds.